 Dungeon Crawl Stone Soup version 0.25-a0-510-ge065f6de7d (webtiles) character file.

Game seed: 17170219843726106047, levelgen mode: deterministic

16 DerDa the Grave Robber (level 2, 0/20 HPs)
             Began as a Ghoul Necromancer on Feb 15, 2020.
             Slain by a leopard gecko (1 damage)
             ... on level 1 of the Dungeon.
             The game lasted 00:02:57 (532 turns).

DerDa the Grave Robber (Ghoul Necromancer)           Turns: 532, Time: 00:02:57

Health: 0/20       AC:  2    Str: 11    XL:     2   Next: 58%
Magic:  0/4        EV: 12    Int: 10    God:
Gold:   12         SH:  0    Dex:  9    Spells: 3/5 levels left

rFire    . . .     SeeInvis .   f - +0 club
rCold    + . .     Gourm    .   (no shield)
rNeg     + + +     Faith    .   a - +0 robe
rPois    ∞         Spirit   .   (no helmet)
rElec    .         Reflect  .   (no cloak)
rCorr    .         Harm     .   (no gloves)
MR       .....                  (no boots)
Stlth    ++........             (no amulet)
HPRegen  0.00/turn              (no ring)
MPRegen  0.09/turn              (no ring)

@: rotting
A: rotting body, claws 1, carnivore, cold resistance 1, negative energy
resistance 3, inhibited regeneration, torment resistance, unbreathing
a: no special abilities


You were on level 1 of the Dungeon.
You were not hungry.

You visited 1 branch of the dungeon, and saw 1 of its levels.

You collected 12 gold pieces.

Inventory:

Hand Weapons
 f - a +0 club (weapon)
Missiles
 e - 6 silver boomerangs (quivered)
 g - 5 stones
Armour
 a - a +0 robe (worn)
Scrolls
 d - 2 scrolls of remove curse {unknown}
Potions
 h - 2 potions of degeneration {unknown}
Comestibles
 b - 4 chunks of flesh
 c - a ration


   Skills:
 - Level 1.7 Dodging
 - Level 2.1 Stealth
 + Level 2.2 Spellcasting
 + Level 4.3 Necromancy


You had 3 spell levels left.
You knew the following spells:

 Your Spells              Type           Power        Failure   Level  Hunger
a - Pain                  Necr           #...         4%          1    ##.....
b - Animate Skeleton      Necr           N/A          4%          1    ##.....

Your spell library contained the following spells:

 Spells                   Type           Power        Failure   Level  Hunger
 Vampiric Draining        Necr           #.........   16%         3    ####...
 Animate Dead             Necr           N/A          45%         4    #####..
 Agony                    Necr           #.......     80%         5    ######.


Dungeon Overview and Level Annotations

Branches:
Dungeon (1/15)

Altars:


Innate Abilities, Weirdness & Mutations

Your body is rotting away.
You thrive on raw meat.
You are immune to poison.
You have sharp fingernails.
You are carnivorous and can eat meat at any time.
Your flesh is cold resistant. (rC+)
You are immune to negative energy. (rN+++)
You do not regenerate when monsters are visible.
You are immune to unholy pain and torment.
You can survive without breathing.


Message History

The leopard gecko bites you.
* * * LOW HITPOINT WARNING * * *
Casting: Pain (safe; 4% risk of failure)
Confirm with . or Enter, or press ? or * to list all spells.
Aiming: Pain (safe; 4% risk of failure)
Press: ? - help, Shift-Dir - straight line, f/p - leopard gecko
Aim: a leopard gecko (chance to defeat MR: 76%)
The leopard gecko writhes in agony.
The leopard gecko bites you.
* * * LOW HITPOINT WARNING * * *
The leopard gecko bites you.
* * * LOW HITPOINT WARNING * * *
The leopard gecko closely misses you.
Casting: Pain (safe; 4% risk of failure)
Confirm with . or Enter, or press ? or * to list all spells.
Aiming: Pain (safe; 4% risk of failure)
Press: ? - help, Shift-Dir - straight line, f/p - leopard gecko
Aim: a leopard gecko (lightly wounded, chance to defeat MR: 76%)
The leopard gecko barely resists.
The leopard gecko misses you. The leopard gecko bites you.
You die...

###.#.#..## #.#..##
.........# #.....#
#.#.#...###.# #.##
#...........# #.).
#.#÷##.####.###.##
#.#.##.####.....#
#.............#.#
.#############.........###.#
#.#..........@l.............#
#.#.##############.##########
#.#..>.............#
#.#........#########
#.#........# ####..........#
.....#........#
.......)).....#
#######.......#


You could see a leopard gecko.

Vanquished Creatures
  2 bats (D:1)
  2 giant cockroaches (D:1)
  2 hobgoblins (D:1)
  4 goblins (D:1)
  2 kobolds (D:1)
  3 rats (D:1)
15 creatures vanquished.

Notes
Turn   | Place    | Note
-------+----------+-------------------------------------------
     0 | D:1      | DerDa the Ghoul Necromancer began the quest for the Orb.
     0 | D:1      | Reached XP level 1. HP: 14/14 MP: 2/2
     3 | D:1      | Noticed an electric eel
   181 | D:1      | Noticed an electric eel
   243 | D:1      | Reached XP level 2. HP: 20/20 MP: 0/4
   277 | D:1      | Learned a level 1 spell: Animate Skeleton
   522 | D:1      | HP: 1/20 [leopard gecko (1)]
   532 | D:1      | Slain by a leopard gecko

Levels and vault maps discovered:
D:1:      arrival_aquarium_b, layout_loops_ring

Skill      XL: |  1 |
---------------+----+-----
Spellcasting   | 2 |  2.2
Dodging        | |  1.7
Stealth        | |  2.1
Necromancy     | |  4.3

Action                   || total
-------------------------++-------
Melee: Unarmed           ||    24
       Club              ||    14
 Cast: Pain              ||    30
  Eat: Chunk             ||     1
Armor: Robe              ||    14
Dodge: Dodged            ||    36

Table legend:
 A = Non-vault XP
 B = Vault XP
 C = Vault XP percentage of total XP
 D = Non-vault monster count
 E = Vault monster count
 F = Vault count percentage of total count
                 A         B        C        D         E       F
            +---------+---------+-------+---------+---------+-------
      Total |      24 |       0 |   0.0 |      15 |       0 |   0.0
            +---------+---------+-------+---------+---------+-------
        D:1 |      24 |       0 |   0.0 |      15 |       0 |   0.0
            +---------+---------+-------+---------+---------+-------
